 Dungeon Crawl Stone Soup version 0.26-a0-812-g31a745ddcd (webtiles) character file.

Game seed: 15978310748612125420

21762 Borgoz the Grappler (level 12, -6/112 HPs)
             Began as a Ghoul Monk on Dec 5, 2020.
             Was an Elder of Ashenzari.
             Mangled by a four-headed hydra (7 damage)
             ... on level 13 of the Dungeon.
             The game lasted 00:31:24 (14021 turns).

Borgoz the Grappler (Ghoul Monk)                   Turns: 14021, Time: 00:31:25

Health: -6/112     AC: 12    Str: 16    XL:     12   Next: 93%
Magic:  15/15      EV: 21    Int:  5    God:    Ashenzari [****..]
Gold:   754        SH:  0    Dex: 21    Spells: 15/17 levels left

rFire    + . .     SeeInvis +     - Unarmed
rCold    + . .     Faith    .   (no shield)
rNeg     + + +     Spirit   .   s - +2 scale mail {rF+} (curse)
rPois    ∞         Reflect  .   (no helmet)
rElec    .         Harm     .   n - +0 cloak
rCorr    .         Rampage  .   (no gloves)
MR       .....     Clarity  +   h - +0 pair of boots (curse)
Stlth    ++........             x - amulet of regeneration
HPRegen  0.00/turn              f - +6 ring of dexterity (curse)
MPRegen  0.14/turn              D - +4 ring of evasion

@: no status effects
A: rotting body, claws 1, cold resistance 1, negative energy resistance 3,
inhibited regeneration, torment resistance, unbreathing
a: Curse Item, Scrying, Renounce Religion


You were on level 13 of the Dungeon.
You worshipped Ashenzari.
Ashenzari was greatly pleased with you.
You visited 3 branches of the dungeon, and saw 15 of its levels.

You collected 754 gold pieces.

Inventory:

Hand Weapons
 a - the +9 falchion "Spiderbane" {vorpal, Str+3 Stlth+}
   (You found it on level 6 of the Dungeon)

   It inflicts extra damage upon your enemies.
   It affects your strength (+3).
   It makes you more stealthy.
 o - a +4 quarterstaff of chaos
 y - the cursed +1 long sword "Dosti" {freeze, MR++ Str+3 Int+2 Stlth+}
   (You found it on level 7 of the Dungeon)

   It has been specially enchanted to freeze those struck by it, causing extra
   injury to most foes and up to half again as much damage against particularly
   susceptible opponents.
   It can also slow down cold-blooded creatures.
   It affects your strength (+3).
   It affects your intelligence (+2).
   It affects your resistance to hostile enchantments.
   It makes you more stealthy.
   It has a curse placed upon it.
Armour
 h - a cursed +0 pair of boots (worn)
 n - a +0 cloak (worn)
 s - a cursed +2 scale mail of fire resistance (worn)
 N - a +1 leather armour of magic resistance
Jewellery
 f - a cursed +6 ring of dexterity (left claw)
 i - an uncursed ring of wizardry
 k - an uncursed ring of flight
 x - an amulet of regeneration (around neck)
 z - a +4 ring of protection
 A - an uncursed amulet of magic regeneration
 D - a +4 ring of evasion (right claw)
 E - the ring of the City {Ice +Fly rElec Stlth-}
   (You found it on level 8 of the Dungeon)

   [ring of ice]

   It enhances your ice magic.
   It makes you vulnerable to fire.
   It protects you from cold.
   It insulates you from electricity.
   It lets you fly.
   It makes you less stealthy.
 I - the cursed ring "Sar Jil" {rF+ AC-4}
   (You took it off a tengu warrior on level 10 of the Dungeon)

   [ring of protection]

   It affects your AC (-4).
   It protects you from fire.
   It has a curse placed upon it.
Wands
 F - a wand of acid (8)
 P - a wand of paralysis (10)
Scrolls
 c - 4 scrolls of fear {unknown}
 d - 3 scrolls of noise {unknown}
 e - 3 scrolls of enchant armour
 l - 2 scrolls of enchant weapon
 m - 6 scrolls of remove curse
 q - 2 scrolls of teleportation
 r - 2 scrolls of fog {unknown}
 u - 2 scrolls of blinking {unknown}
 v - a scroll of amnesia {unknown}
 w - a scroll of brand weapon {unknown}
 B - a scroll of torment {unknown}
 C - 2 scrolls of random uselessness {unknown}
 H - a scroll of magic mapping {unknown}
 O - 3 scrolls of identify
Potions
 b - 5 potions of flight
 g - a potion of brilliance
 j - a potion of curing
 p - a potion of magic
 t - a potion of might
 G - 3 potions of heal wounds
 J - 6 potions of ambrosia
 K - 2 potions of resistance
 L - a potion of haste
 M - a potion of cancellation {unknown}


   Skills:
 * Level 11.9 Fighting
 + Level 6.9 Armour
 * Level 10.2 Dodging
 - Level 5.0 Stealth
 * Level 12.0 Unarmed Combat
 - Level 3.0 Spellcasting
 - Level 3.0 Translocations
 - Level 3.0 Evocations


You had 15 spell levels left.
You knew the following spells:

 Your Spells              Type           Power        Failure   Level
a - Blink                 Tloc           N/A          47%         2

Your spell library contained the following spells:

 Spells                   Type           Power        Failure   Level
 Magic Dart               Conj           #...         77%         1
 Summon Small Mammal      Summ           #...         77%         1
 Call Imp                 Summ           #.......     88%         2
 Slow                     Hex            #.......     88%         2
 Call Canine Familiar     Summ           #.......     98%         3
 Conjure Flame            Conj/Fire      #.......     98%         3
 Mephitic Cloud           Conj/Pois/Air  #.......     98%         3
 Summon Guardian Golem    Hex/Summ       #.......     98%         3
 Hailstorm                Conj/Ice       #.......     100%        4
 Summon Ice Beast         Ice/Summ       #.......     100%        4
 Summon Lightning Spire   Summ/Air       #.......     100%        4
 Irradiate                Conj/Tmut      #.........   100%        5
 Orb of Destruction       Conj           #.........   100%        7


Dungeon Overview and Level Annotations

Branches:
Dungeon (13/15)            Temple (1/1) D:4            Lair (1/6) D:8
    Orc (0/2) D:10
 Vaults: D:13-14

Altars:
Ashenzari
Cheibriados
Dithmenos
Elyvilon
Fedhas
Gozag
Hepliaklqana
Kikubaaqudgha
Makhleb
Nemelex Xobeh
Okawaru
Qazlal
Ru
Sif Muna
Trog
Uskayaw
Vehumet
Wu Jian
Xom
Yredelemnul
Zin
The Shining One

Shops:
D:5 =   D:9 (   D:11 *


Innate Abilities, Weirdness & Mutations

Your body is rotting away.
You thrive by killing the living.
You are immune to poison.
You have sharp fingernails.
Your flesh is cold resistant. (rC+)
You are immune to negative energy. (rN+++)
You do not regenerate when monsters are visible.
You are immune to unholy pain and torment.
You can survive without breathing.


Message History

Aim: a four-headed hydra (heavily wounded)
The bolt of acid hits the four-headed hydra!
The four-headed hydra is splashed with acid.
The acid corrodes the four-headed hydra!
The four-headed hydra is severely wounded.
The four-headed hydra bites you!
* * * LOW HITPOINT WARNING * * *
The four-headed hydra completely misses you.
The four-headed hydra bites you but does no damage.
The four-headed hydra completely misses you.
You feel better. The four-headed hydra bites you.
* * * LOW HITPOINT WARNING * * *
The four-headed hydra completely misses you.
The four-headed hydra misses you. The four-headed hydra bites you.
* * * LOW HITPOINT WARNING * * *
You feel better. The four-headed hydra bites you!
* * * LOW HITPOINT WARNING * * *
The four-headed hydra closely misses you.
The four-headed hydra misses you. The four-headed hydra bites you!
You die...

#.# #..#
#..... #.#
#..#*##.#.#
#.#
#..#,...#.#
#.#
#..#.####..
#.# ,,
..... #.# *
..... #.# *
, ,.....
#.# **
##### #@# *
#D# * ***
#.# , + #.#
* ** * #.#
*+ #.# * ,
, #)# *, ,
* #)# ,, ,y
##### #.#
...* #..).


You could see a four-headed hydra (corroded).

Vanquished Creatures
  2 hydras
  2 two-headed ogres
  A centaur warrior (D:12)
  2 tengu warriors
  Erica (D:8)
  Pikel (D:5)
  An orc knight (D:10)
  A cyclops (D:10)
  2 ugly things
  Joseph (D:8)
  A queen bee (D:10)
  3 trolls
  2 meliai (D:13)
  Grinder (D:3)
  5 wyverns
  19 yaks
  A shadow (D:13)
  A wraith (D:13)
  3 vampire mosquitoes
  4 water moccasins
  An acid dragon (D:12)
  Duvessa (D:7)
  3 sky beasts
  2 eyes of draining (D:5)
  A necrophage (D:10)
  3 ogres
  6 orc warriors
  A black bear (D:11)
  3 ice beasts
  3 phantoms
  10 centaurs
  A big kobold (D:10)
  5 bullfrogs
  Dowan (D:7)
  9 scorpions
  2 water moccasin skeletons
  37 killer bees
  5 wights (D:10)
  4 howler monkeys
  2 bullfrog zombies
  A centaur zombie (D:10)
  A quasit (D:10)
  10 hounds
  5 jellies
  8 orc priests
  Crazy Yiuf (D:2)
  3 centaur skeletons
  12 orc wizards
  3 iguanas
  3 worker ants
  A hound zombie (D:10)
  3 hound skeletons
  A worker ant zombie (D:7)
  8 gnolls
  15 adders
  A shadow imp (D:7)
  A white imp (D:8)
  2 ufetubi
  An ooze (D:2)
  An adder skeleton (D:8)
  2 adder zombies
  5 worms
  4 dart slugs
  2 leopard geckos
  40 orcs
  6 bats
  5 giant cockroaches
  11 goblins
  12 hobgoblins
  7 jackals
  4 quokkas
  A ball python (D:1)
  3 frilled lizards
  15 kobolds
  2 rats
354 creatures vanquished.

Vanquished Creatures (others)
  An orc wizard (D:10)
  4 fungi
  19 plants
24 creatures vanquished.

Grand Total: 378 creatures vanquished

Notes
Turn   | Place    | Note
-------+----------+-------------------------------------------
     0 | D:1      | Borgoz the Ghoul Monk began the quest for the Orb.
     0 | D:1      | Reached XP level 1. HP: 19/19 MP: 0/0
   114 | D:1      | Reached XP level 2. HP: 26/26 MP: 1/1
   399 | D:1      | Reached XP level 3. HP: 31/33 MP: 2/2
   838 | D:2      | Reached skill level 4 in Unarmed Combat
  1124 | D:2      | Reached XP level 4. HP: 39/40 MP: 3/3
  1139 | D:2      | Reached skill level 1 in Armour
  1322 | D:2      | Found a hazy altar of Hepliaklqana.
  1776 | D:3      | Noticed a centaur
  2023 | D:4      | Reached XP level 5. HP: 9/46 MP: 4/4
  2277 | D:4      | Killed a centaur
  2619 | D:3      | Reached XP level 6. HP: 50/53 MP: 5/5
  2724 | D:3      | Reached skill level 5 in Unarmed Combat
  2890 | D:3      | Noticed Grinder
  2902 | D:3      | Paralysed by Grinder for 4 turns
  3121 | D:3      | Paralysed by Grinder for 3 turns
  3130 | D:3      | Paralysed by Grinder for 4 turns
  3139 | D:3      | Reached skill level 5 in Fighting
  3142 | D:3      | Killed Grinder
  3142 | D:3      | Reached XP level 7. HP: 14/61 MP: 6/6
  3724 | D:2      | Found a basalt altar of Yredelemnul.
  3727 | D:2      | Found an ancient bone altar of Kikubaaqudgha.
  3735 | D:2      | Found a glowing silver altar of Zin.
  3738 | D:2      | Found a blossoming altar of Fedhas.
  3988 | D:2      | Found a runed translucent door.
  3989 | D:2      | Noticed Crazy Yiuf
  4007 | D:2      | Killed Crazy Yiuf
  4504 | D:4      | Reached skill level 6 in Unarmed Combat
  4563 | D:4      | Learned a level 2 spell: Blink
  4667 | D:4      | Found a staircase to the Ecumenical Temple.
  4674 | D:4      | Reached skill level 5 in Dodging
  4683 | Temple   | Entered the Ecumenical Temple
  4703 | Temple   | Became a worshipper of Ashenzari the Shackled
  4703 | Temple   | Reached * piety under Ashenzari
  4703 | Temple   | Reached ** piety under Ashenzari
  4896 | D:4      | Reached XP level 8. HP: 50/70 MP: 7/7
  5388 | D:5      | Entered Level 5 of the Dungeon
  5394 | D:5      | Noticed Pikel
  5419 | D:5      | Killed Pikel
  5624 | D:5      | Found Haisym's Jewellery Shop.
  5695 | D:5      | Reached skill level 7 in Unarmed Combat
  5764 | D:5      | Found a bloodstained altar of Trog.
  5949 | D:5      | Reached XP level 9. HP: 69/79 MP: 8/8
  6457 | D:6      | Found a shimmering altar of Xom.
  6654 | D:6      | Got the falchion "Spiderbane" {vorpal, Str+3 Stlth+}
  7206 | D:7      | Reached skill level 8 in Unarmed Combat
  7213 | D:7      | Noticed Duvessa
  7213 | D:7      | Noticed Dowan
  7637 | D:7      | Killed Duvessa
  7647 | D:7      | Killed Dowan
  7749 | D:7      | Got the cursed long sword "Dosti" {freeze, MR++ Str+3 Int+2
                  | Stlth+}
  7993 | D:7      | Found a burning altar of Makhleb.
  8062 | D:8      | Found an iron altar of Okawaru.
  8099 | D:8      | Noticed Joseph
  8123 | D:8      | Killed Joseph
  8123 | D:8      | Reached XP level 10. HP: 43/90 MP: 9/9
  8222 | D:8      | Identified the ring of the City {Ice +Fly rElec Stlth-}
  8298 | D:8      | Reached skill level 9 in Unarmed Combat
  8299 | D:8      | Found a staircase to the Lair.
  8357 | D:8      | Reached skill level 1 in Translocations
  8366 | D:8      | Reached skill level 1 in Spellcasting
  8535 | D:8      | Noticed Erica
  8568 | D:8      | Killed Erica
  8568 | D:8      | Reached skill level 5 in Armour
  8804 | D:8      | Reached *** piety under Ashenzari
  9392 | Lair:1   | Entered Level 1 of the Lair of Beasts
  9393 | Lair:1   | Noticed a four-headed hydra
  9644 | D:9      | Reached XP level 11. HP: 68/99 MP: 11/13
 10029 | D:9      | Found Ceclig's Weapon Shop.
 10231 | D:10     | Entered Level 10 of the Dungeon
 10243 | D:10     | Reached skill level 10 in Unarmed Combat
 10278 | D:10     | Found a staircase to the Orcish Mines.
 10357 | D:10     | Reached skill level 10 in Fighting
 10535 | D:10     | Reached skill level 1 in Evocations
 10832 | D:10     | Found a burning altar of Makhleb.
 10832 | D:10     | Found a burning altar of Makhleb.
 10952 | D:10     | Noticed an orc knight
 10986 | D:10     | Killed an orc knight
 11082 | D:10     | Found an opulent altar of Gozag.
 11082 | D:10     | Found a shimmering blue altar of Sif Muna.
 11083 | D:10     | Noticed a cyclops
 11100 | D:10     | Killed a cyclops
 11193 | D:10     | Identified the cursed ring "Sar Jil" {rF+ AC-4}
 11193 | D:10     | Noticed a tengu warrior
 11203 | D:10     | Killed a tengu warrior
 11223 | D:10     | Noticed a two-headed ogre
 11229 | D:10     | Killed a two-headed ogre
 11281 | D:10     | Identified the Incunabulum of Confrontation
 12130 | D:10     | Reached XP level 12. HP: 108/108 MP: 15/15
 12299 | D:11     | Noticed an eight-headed hydra
 12394 | D:11     | Noticed a tengu warrior
 12407 | D:11     | Killed a tengu warrior
 12407 | D:11     | Reached skill level 11 in Unarmed Combat
 12675 | D:11     | Killed an eight-headed hydra
 12677 | D:11     | Found Ruanunle's General Store.
 13049 | D:11     | Reached **** piety under Ashenzari
 13188 | D:12     | Noticed a six-headed hydra
 13194 | D:12     | Killed a six-headed hydra
 13194 | D:12     | Reached skill level 5 in Stealth
 13225 | D:12     | Noticed a centaur warrior
 13234 | D:12     | Killed a centaur warrior
 13660 | D:12     | Noticed a two-headed ogre
 13702 | D:12     | Killed a two-headed ogre
 13702 | D:12     | Reached skill level 10 in Dodging
 13971 | D:13     | Noticed a four-headed hydra
 13993 | D:13     | Reached skill level 12 in Unarmed Combat
 14019 | D:13     | HP: 5/112 [four-headed hydra (9)]
 14021 | D:13     | HP: 1/112 [four-headed hydra (12)]
 14021 | D:13     | Mangled by a four-headed hydra

Illustrated notes

Levels and vault maps discovered:
D:1:      evilmike_arrival_crescent, layout_rooms
D:2:      layout_loops_ring, lemuel_crystal_altar,
          grunt_temple_overflow_cloverleaf, serial_bayou_ford_a,
          uniq_crazy_yiuf_cottage
D:3:      layout_rooms, uniq_grinder
D:4:      layout_basic, temple_green
D:5:      layout_basic, serial_shops, shop, trog_eyes_of_draining, uniq_pikel
D:6:      layout_basic, basic_altar, kennysheep_generic_room_8
D:7:      layout_cave_pools, kennysheep_mini, uniq_duvessa
D:8:      layout_basic, minmay_lair_entry_grove, minivault_19,
          okawaru_metal_pillars_3, uniq_joseph, uniq_erica
D:9:      layout_loops_corners, serial_shops, shop
D:10:     minmay_the_grid_octo_triangle [minmay_the_grid_octo_shrine,
          minmay_the_grid_octo_prize_ultimate_mussel_roller,
          minmay_the_grid_octo_chip], layout_basic, orc_0_dummy, special_room
          [special_room_bee]
D:11:     layout_rooms, serial_glass, glass_columns_b, glass_columns_a,
          glass_columns_b, glass_columns_a, glass_columns_a, glass_columns_a,
          glass_columns_b, glass_columns_b, glass_columns_a, glass_columns_a,
          serial_shops, shop
D:12:     layout_big_octagon, minmay_quadrilaterals
D:13:     layout_basic
Temple:   eino_temple_scatter_basement
Lair:1:   layout_chaotic_city, basic_altar, st_stairs_11, grunt_megastairs_1

Skill      XL: |  1  2  3  4  5  6  7  8  9 10 11 12 |
---------------+-------------------------------------+-----
Dodging        | 3 4 5 6 7 8 9 10 | 10.2
Unarmed Combat | 4 5 6 7 8 9 10 12 | 12.0
Fighting       | 4 5 6 7 8 9 10 11 | 11.9
Armour         | 1 2 3 4 5 6 |  6.9
Translocations | 2 3 |  3.0
Spellcasting   | 2 3 |  3.0
Evocations     | 2 3 |  3.0
Stealth        | 4 5 |  5.0

Action                   |  1- 3 |  4- 6 |  7- 9 | 10-12 || total
-------------------------+-------+-------+-------+-------++-------
Melee: Unarmed           |    78 |   173 |   367 |   940 ||  1558
       Punch             |     2 |     1 |    14 |    60 ||    77
Throw: Throwing net      |       |       |     1 |       ||     1
Invok: Curse Item        |       |       |     3 |       ||     3
Evoke: Wand              |       |       |       |    12 ||    12
  Use: Potion            |     1 |     2 |       |    10 ||    13
       Scroll            |       |     6 |     3 |     6 ||    15
 Stab: Sleeping          |     1 |     1 |     2 |     1 ||     5
       Distracted        |       |     1 |     1 |     1 ||     3
Armor: Robe              |     6 |       |       |       ||     6
       Leather armour    |    14 |    11 |       |       ||    25
       Ring mail         |       |    19 |    46 |       ||    65
       Scale mail        |       |       |    48 |   292 ||   340
Dodge: Dodged            |    57 |    98 |   194 |  1056 ||  1405

Table legend: (Time is in decaauts)
 A = Elapsed time spent in this place.
 B = Non-inter-level travel time spent in this place.
 C = Inter-level travel time spent in this place.
 D = Time resting spent in this place.
 E = Time spent auto-exploring this place.
 F = Levels seen in this place.
 G = Mean time per level.
                   A        B        C        D        E       F      G
               +--------+--------+--------+--------+--------+-----+--------+
         Total |  13778 |  13286 |    492 |   4268 |   6002 |  15 |  918.5 |
       Dungeon |  13586 |  13112 |    474 |   4268 |   5842 |  13 | 1045.1 |
        Temple |    185 |    167 |     18 |      0 |    160 |   1 |  185.0 |
          Lair |      6 |      6 |      0 |      0 |      0 |   1 |    6.0 |
               +--------+--------+--------+--------+--------+-----+--------+

Top non-repeatable levels by time:
    D:10: 2137 daAuts
     D:3: 1473 daAuts
     D:4: 1437 daAuts
     D:8: 1325 daAuts
     D:2: 1229 daAuts
     D:5: 1052 daAuts
     D:6: 1048 daAuts
     D:1: 1019 daAuts
    D:11: 882 daAuts
     D:9: 804 daAuts
     D:7: 545 daAuts
    D:13: 333 daAuts
    D:12: 298 daAuts
  Temple: 185 daAuts
  Lair:1: 6 daAuts
